 Dungeon Crawl Stone Soup version 0.22-a0-423-g4197694 (webtiles) character file.

5 inmateoo the Stinger (level 1, 0/10 HPs)
             Began as a Kobold Venom Mage on May 23, 2018.
             Slain by a rat (2 damage)
             ... on level 1 of the Dungeon.
             The game lasted 00:01:24 (173 turns).

inmateoo the Stinger (Kobold Venom Mage)             Turns: 173, Time: 00:01:24

Health: 0/10       AC:  3    Str:  5    XL:     1   Next: 88%
Magic:  0/3        EV: 15    Int: 16    God:
Gold:   34         SH:  0    Dex: 15    Spells: 3/4 levels left

rFire    . . .     SeeInvis .   d - +0 hand axe
rCold    . . .     Gourm    .   (shield restricted)
rNeg     . . .     Faith    .   a - +0 robe
rPois    .         Spirit   .   b - +1 hat
rElec    .         Reflect  .   (no cloak)
rCorr    .         Harm     .   (no gloves)
MR       .....                  (no boots)
Stlth    ++........             (no amulet)
HPRegen  0.03/turn              (no ring)
MPRegen  0.08/turn              (no ring)

@: very slightly contaminated
A: small, carnivore
a: no special abilities


You were on level 1 of the Dungeon.
You were not hungry.

You visited 1 branch of the dungeon, and saw 1 of its levels.

You collected 34 gold pieces.

Inventory:

Hand Weapons
 d - a +0 hand axe (weapon)
Armour
 a - a +0 robe (worn)
 b - a +1 hat (worn)
Comestibles
 c - a ration


   Skills:
 + Level 0.2 Fighting
 + Level 2.5 Dodging
 * Level 3.0 Stealth
 + Level 2.2 Spellcasting
 + Level 1.1 Conjurations
 + Level 3.0 Poison Magic


You had 3 spell levels left.
You knew the following spells:

 Your Spells              Type           Power        Failure   Level  Hunger
a - Sting                 Conj/Pois      #...         9%          1    #......

Your spell library contained the following spells:

 Spells                   Type           Power        Failure   Level  Hunger
 Mephitic Cloud           Conj/Pois/Air  #.......     34%         3    ###....
 Venom Bolt               Conj/Pois      #.........   94%         5    ######.
 Olgreb's Toxic Radiance  Pois           ##......     50%         4    #####..
 Poisonous Vapours        Pois/Air       #.....       16%         2    ###....


Dungeon Overview and Level Annotations

Branches:
Dungeon (1/15)

Altars:


Innate Abilities, Weirdness & Mutations

You are small and have problems with some larger weapons.
You are carnivorous and can eat meat at any time.


Message History

* * * LOW HITPOINT WARNING * * *
Casting: Sting (safe; 9% risk of failure)
Confirm with . or Enter, or press ? or * to list all spells.
Aiming: Sting (safe; 9% risk of failure)
Press: ? - help, Shift-Dir - straight line, f/p - rat
Aim: a rat You miscast Sting.
Strange energies run through your body. The bat closely misses you.
The bat barely misses you. The bat hits you but does no damage.
The bat misses you.
You aren't carrying any potions.
Unknown command.
You aren't carrying any scrolls.
Unknown command.
You barely miss the bat. The bat hits you but does no damage.
Unknown command.
You hit the bat.
You kill the bat!
Unknown command.
You hit the rat but do no damage. The rat bites you.
You die...

#...................###
#...................#
######.#######....###
#.# ####>#.###### #.#
#..†......... #r#
#.####..##### #r#
#.....†.# #r#
############# #@#
#....#......
#.#####.#.##.#####
#.....#.#....).#
#####.#.#.####.#
#....#....#.#
#########.#.#
#......#.# #.######.#
#.# #.#


You could see 3 rats.

Vanquished Creatures
  2 bats (D:1)
  A goblin (D:1)
  2 frilled lizards (D:1)
  A rat (D:1)
6 creatures vanquished.

Notes
Turn   | Place    | Note
-------+----------+-------------------------------------------
     0 | D:1      | inmateoo the Kobold Venom Mage began the quest for the Orb.
     0 | D:1      | Reached XP level 1. HP: 10/10 MP: 3/3
   173 | D:1      | Slain by a rat

Vault maps used:
D:1:      erik_arrival_orb_chamber, minmay_small_reverse_x

Skill      XL: |  1 |
---------------+----+-----
Stealth        | 3 |  3.0
Fighting       | |  0.2
Dodging        | |  2.5
Spellcasting   | |  2.2
Conjurations   | |  1.1
Poison Magic   | |  3.0

Action                   || total
-------------------------++-------
Melee: Hand axe          ||    14
       Unarmed           ||    10
 Cast: Sting             ||     6
 Stab: Sleeping          ||     2
Armor: Robe              ||     9
Dodge: Dodged            ||    41

Table legend:
 A = Spawn XP
 B = Non-spawn XP
 C = Spawn XP percentage of total XP
 D = Spawn monster count
 E = Non-spawn monster count
 F = Spawn count percentage of total count
 G = Total turns spent on level
                    A         B        C        D         E        F      G
               +---------+---------+-------+---------+---------+-------+---------
         Total |       0 |       8 |   0.0 |       0 |       6 |   0.0 |   173
               +---------+---------+-------+---------+---------+-------+---------
           D:1 |       0 |       8 |   0.0 |       0 |       6 |   0.0 |   173
               +---------+---------+-------+---------+---------+-------+---------
